 Dungeon Crawl Stone Soup version 0.29-a0-409-gd843f3a48c (webtiles) character file.

Game seed: 645503422191250539

208 jlumianski the Chopper (level 5, -1/41 HPs)
             Began as a Demonspawn Fighter on May 13, 2022.
             Slain by a gnoll
             ... wielding a +0 club
              (6 damage)
             ... on level 2 of the Dungeon.
             The game lasted 00:06:24 (1842 turns).

jlumianski the Chopper (Demonspawn Fighter)         Turns: 1842, Time: 00:06:25

Health: -1/41      AC:  9    Str: 18    XL:     5   Next: 55%
Magic:  5/5        EV:  7    Int: 10    God:
Gold:   76         SH:  8    Dex: 12    Spells: 4/4 levels left

rFire   . . .      SeeInvis .   a - +0 war axe
rCold   . . .      Faith    .   c - +0 buckler
rNeg    . . .      Spirit   .   r - +0 chain mail
rPois   .          Reflect  .   (no helmet)
rElec   .          Harm     .   (no cloak)
rCorr   +          Rampage  .   (no gloves)
Will    .....                   (no boots)
Stlth   ..........              (no amulet)
HPRegen 0.13/turn               o - ring of resist corrosion
MPRegen 0.09/turn               (no ring)

@: no status effects
A: powered by pain 1, condensation shield
a: no special abilities


You were on level 2 of the Dungeon.
You visited 1 branch of the dungeon, and saw 3 of its levels.

You collected 154 gold pieces.
You spent 78 gold pieces at shops.

Inventory:

Hand Weapons
 a - a +0 war axe (weapon)
 j - a +1 dagger of speed
Missiles
 e - 56 stones (quivered)
Armour
 b - a +0 scale mail
 c - a +0 buckler (worn)
 r - a +0 chain mail (worn)
Magical Staves
 s - a staff of cold
Jewellery
 o - a ring of resist corrosion (left hand)
Scrolls
 f - 4 scrolls of teleportation
 g - a scroll of enchant armour {unknown}
 h - 2 scrolls of immolation
 l - a scroll of fear {unknown}
 m - a scroll of poison {unknown}
 p - a scroll of blinking {unknown}
 t - a scroll of silence {unknown}
 u - a scroll of summoning {unknown}
 v - a scroll of identify
Potions
 d - a potion of might
 i - 4 potions of curing {unknown}
 k - a potion of brilliance
 n - a potion of attraction
 q - a potion of cancellation {unknown}


   Skills:
 + Level 3.4 Fighting
 + Level 4.0 Axes
 + Level 3.6 Armour
 + Level 0.8 Dodging
 + Level 3.1 Shields


You had 4 spell levels left.
You didn't know any spells.
Your spell library contained the following spells:

 Spells                   Type           Power      Damage    Failure   Level
 Pain                     Necr           0%         1d4       100%        1
 Sandblast                Erth           0%         2d4       100%        1
 Passwall                 Tmut/Erth      0%         N/A       100%        2
 Stone Arrow              Conj/Erth      0%         3d7       100%        3
 Agony                    Necr           0%         N/A       100%        5
 Excruciating Wounds      Necr           0%         N/A       100%        5


Dungeon Overview and Level Annotations

Branches:
Dungeon (3/15)

Altars:

Shops:
D:1 ?


Innate Abilities, Weirdness & Mutations

You sometimes gain a little power by taking damage.
A meltable shield of frost defends you. (SH +4)


Message History

You slash the gnoll!
You kill the gnoll!
You see here a +0 club.
There is a stone staircase leading down here.
You climb downwards.
You block the gnoll's attack. The gnoll closely misses you.
The gnoll hits you with a +0 club. You block the gnoll's attack.
The gnoll hits you but does no damage. The gnoll barely misses you.
A goblin comes into view. It is wielding a +0 dagger.
There is a stone staircase leading up here.
The gnoll hits you with a +0 club. x2; The gnoll hits you with a +0 club!
You climb upwards.
There is a stone staircase leading down here.
You closely miss the gnoll. You hit the gnoll but do no damage.
You hit the gnoll. The gnoll closely misses you.
You block the gnoll's attack. x2
You hit the gnoll.
The gnoll is lightly wounded.
You closely miss the gnoll. x2; You block the gnoll's attack.
The gnoll hits you but does no damage. The gnoll barely misses you.
The gnoll hits you but does no damage. x2; The gnoll barely misses you.
You slash the gnoll!
The gnoll is severely wounded.
You hit the gnoll but do no damage. You hit the gnoll.
You block the gnoll's attack. The gnoll hits you with a +0 club.
The gnoll closely misses you.
You hit the gnoll.
You kill the gnoll!
You hit the gnoll but do no damage. You slash the gnoll!
The gnoll hits you but does no damage. The gnoll hits you with a +0 club.
* * * LOW HITPOINT WARNING * * *
Your Axes skill increases to level 4!
The gnoll attacks as you move away! You block the gnoll's attack.
You see here a +0 club.
The gnoll attacks as you move away! The gnoll barely misses you.
You hit the gnoll.
The gnoll is almost dead.
The gnoll hits you with a +0 club.
* * * LOW HITPOINT WARNING * * *
The gnoll hits you with a +0 club.
You die...

#.##..###.##
##.##......#
##...#......#
#..#.######.#
#....# #.#
#.#### #.#
#.# ##### #.#
. #.... #@#
#.##.### #g#
# #.#.....
#g#
#.#....###
#.#
#.#.....##
#.#
#........#
#.#
#......)..
#.# #.......#
#.# ##.....##
#.# ##...###


You could see 2 gnolls.

Vanquished Creatures
  A hound (D:2)
  Natasha (thrice) (D:2)
  3 gnolls
  2 adders (D:2)
  A worm (D:2)
  A dart slug (D:2)
  6 ball pythons
  5 endoplasms
  2 giant cockroaches
  9 goblins
  4 hobgoblins
  A quokka (D:1)
  3 bats (D:1)
  4 frilled lizards
  6 kobolds
  5 rats
56 creatures vanquished.

Notes
Turn   | Place    | Note
-------+----------+-------------------------------------------
     0 | D:1      | jlumianski the Demonspawn Fighter began the quest for the
                  | Orb.
     0 | D:1      | Reached XP level 1. HP: 18/18 MP: 1/1
   152 | D:1      | Reached skill level 2 in Axes
   152 | D:1      | Gained mutation: You sometimes gain a little power by
                  | taking damage. [demonic ancestry]
   152 | D:1      | Reached XP level 2. HP: 18/24 MP: 2/2
   322 | D:1      | Reached XP level 3. HP: 15/29 MP: 3/3
   602 | D:1      | Found Itad's Magic Scroll Shop.
   613 | D:1      | Bought a scroll of identify for 26 gold pieces
   613 | D:1      | Bought a scroll of identify for 26 gold pieces
   613 | D:1      | Bought a scroll of identify for 26 gold pieces
  1211 | D:2      | Found a faded altar of an unknown god.
  1217 | D:2      | Noticed Natasha
  1241 | D:2      | Reached skill level 3 in Axes
  1241 | D:2      | Gained mutation: A meltable shield of frost defends you.
                  | (SH +4) [demonic ancestry]
  1241 | D:2      | Reached XP level 4. HP: 16/35 MP: 4/4
  1254 | D:2      | Killed Natasha
  1277 | D:2      | Noticed Natasha
  1526 | D:2      | Killed Natasha
  1527 | D:2      | Reached XP level 5. HP: 30/41 MP: 5/5
  1620 | D:2      | Noticed Natasha
  1626 | D:2      | Killed Natasha
  1831 | D:2      | Reached skill level 4 in Axes
  1842 | D:2      | Slain by a gnoll

Illustrated notes

Levels and vault maps discovered:
D:1:      scummos_arrival_simple_crosswalls, layout_rooms, serial_shops,
          nicolae_shop_stone
D:2:      layout_loops_ring, serial_glass, glass_columns_a, glass_columns_a,
          feat_on_display, item_on_display_a, item_on_display_a,
          hellmonk_ecumenical_altar_blasted, minmay_misc_feat_more_columns,
          uniq_natasha
D:3:      layout_rooms, dk_noncrumbling_4, st_stairs_14, minivault_11,
          minmay_misc_feat_encased, hangedman_decor_lopped, uniq_terence

Skill      XL: |  1  2  3  4  5 |
---------------+----------------+-----
Axes           | 2 3 4 |  4.0
Armour         | 3 |  3.6
Shields        | 3 |  3.1
Fighting       | |  3.4
Dodging        | |  0.8

Action                   |  1- 3 |  4- 6 || total
-------------------------+-------+-------++-------
Melee: War axe           |   104 |    60 ||   164
  Use: Scroll            |     4 |       ||     4
       Potion            |     1 |       ||     1
Armor: Scale mail        |    67 |     6 ||    73
       Chain mail        |       |    24 ||    24
Dodge: Dodged            |    64 |    21 ||    85
Block: Buckler           |    37 |    28 ||    65

Table legend: (Time is in decaauts)
 A = Elapsed time spent in this place.
 B = Non-inter-level travel time spent in this place.
 C = Inter-level travel time spent in this place.
 D = Time resting spent in this place.
 E = Time spent auto-exploring this place.
 F = Levels seen in this place.
 G = Mean time per level.
                   A        B        C        D        E       F      G
               +--------+--------+--------+--------+--------+-----+--------+
         Total |   1917 |   1889 |     28 |    171 |   1020 |   3 |  639.0 |
       Dungeon |   1917 |   1889 |     28 |    171 |   1020 |   3 |  639.0 |
               +--------+--------+--------+--------+--------+-----+--------+

Top non-repeatable levels by time:
     D:1: 873 daAuts
     D:2: 857 daAuts
     D:3: 187 daAuts
